 Dungeon Crawl Stone Soup version 0.31.0-11-ge490571c62 (webtiles) character file.

Game seed: 8422407538880707907

7100 experimilk the Grappler (level 10, -10/110 HPs)
             Began as a Troll Gladiator on Jan 31, 2024.
             Was a Follower of Ru.
             Mangled by an orc knight
             ... wielding a +0 glaive
              (23 damage)
             ... in a bailey.
             The game lasted 00:16:39 (8940 turns).

experimilk the Grappler (Troll Gladiator)           Turns: 8940, Time: 00:16:39

Health: -10/110    AC:  7    Str: 28    XL:     10   Next: 84%
Magic:  9/9        EV: 10    Int:  4    God:    Ru [*.....]
Gold:   584        SH:  0    Dex: 11    Spells: 9/9 levels left

rFire   . .          .
                       - Unarmed
rCold   . . .        (no shield)
rNeg    . . .        E - +0 steam dragon scales
rPois   .            b - +0 hat
rElec   .            (no cloak)
rCorr   +            (gloves unavailable)
SInv    +            (boots unavailable)
Will    .....        g - amulet of regeneration
Stlth   +            C - ring of see invisible
HPRegen 1.98/turn    D - ring of resist corrosion
MPRegen 0.11/turn

%: no passive effects
@: mighty, about to teleport
A: large, unfitting armour, claws 3, regeneration 1, shaggy fur 1, tough skin 1,
no ice magic, no alchemy magic, no summoning magic
a: Renounce Religion


You were in a bailey.
You worshipped Ru.
Ru was aware of your devotion.
You visited 1 branch of the dungeon, and saw 9 of its levels.
You also visited: Bailey.

You collected 584 gold pieces.

Inventory:

Missiles
 a - 11 poisoned darts (quivered)
 q - 3 throwing nets
 x - 4 javelins
Armour
 b - a +0 hat (worn)
 E - +0 steam dragon scales (worn)
Jewellery
 g - an amulet of regeneration (around neck)
 v - a +6 ring of intelligence
 C - a ring of see invisible (left claw)
 D - a ring of resist corrosion (right claw)
Wands
 y - a wand of light (12)
Scrolls
 d - a scroll of summoning {unknown}
 i - 3 scrolls of enchant weapon
 j - a scroll of fog {unknown}
 k - a scroll of torment {unknown}
 m - a scroll of blinking {unknown}
 n - 2 scrolls of noise
 p - 2 scrolls of teleportation
 r - a scroll of immolation {unknown}
 s - 2 scrolls of vulnerability
 w - a scroll of enchant armour {unknown}
 z - a scroll of silence {unknown}
 A - a scroll of fear {unknown}
Potions
 c - 5 potions of heal wounds
 e - 3 potions of magic
 f - 2 potions of attraction
 h - a potion of lignification
 l - a potion of ambrosia
 o - 2 potions of mutation {unknown}
 t - a potion of resistance {unknown}
 u - 2 potions of curing
 B - a potion of haste {unknown}
 F - a potion of might
 G - 2 potions of brilliance {unknown}
 H - a potion of invisibility {unknown}


   Skills:
 - Level 10.0 Fighting
 - Level 1.7 Throwing
 - Level 2.4 Dodging
 + Level 12.4 Unarmed Combat


You had 9 spell levels left.
You didn't know any spells.
Your spell library contained the following spells:

 Spells                   Type           Power      Damage    Failure   Level
 Sublimation of Blood     Necr           0%         N/A       65%         2
 Inner Flame              Hex/Fire       0%         N/A       86%         3
 Passage of Golubria      Tloc           0%         N/A       99%         4
 Silence                  Hex/Air        0%         N/A       100%        5
 Ignition                 Fire           0%         3d3       100%        8
 Lehudib's Crystal Spear  Conj/Erth      0%         10d2      100%        8
 Call Imp                 Summ           Unusable   N/A       N/A         2
 Mercury Vapours          Alch/Air       Unusable   N/A       N/A         2
 Mephitic Cloud           Conj/Alch/Air  Unusable   N/A       N/A         3
 Freezing Cloud           Conj/Ice/Air   Unusable   6-21      N/A         5
 Irradiate                Conj/Alch      Unusable   3d11      N/A         5
 Summon Forest            Summ/Tloc      Unusable   N/A       N/A         5
 Summon Mana Viper        Hex/Summ       Unusable   N/A       N/A         5
 Sculpt Simulacrum        Ice/Alch       Unusable   N/A       N/A         6
 Summon Cactus Giant      Summ           Unusable   N/A       N/A         6
 Ozocubu's Refrigeration  Ice            Unusable   4d7       N/A         7
 Summon Hydra             Summ           Unusable   N/A       N/A         7
 Polar Vortex             Ice            Unusable   N/A       N/A         9

Dungeon Overview and Level Annotations

Branches:
Dungeon (9/15)             Temple (0/1) D:7            Lair (0/5) D:8
 Bailey (1/1)
    Orc: D:9-12

Altars:
Hepliaklqana
Okawaru
Qazlal
Ru
Sif Muna
Trog
Uskayaw
Vehumet
Wu Jian
The Shining One

Annotations:
D:9 exclusion: orange crystal statue


Innate Abilities, Weirdness & Mutations

You are too large for most types of armour.
You have claws for hands.
Your natural rate of healing is unusually fast.
You are covered in fur. (AC +1)
You have tough skin. (AC +1)
You cannot study or cast Ice magic.
You cannot study or cast Alchemy magic.
You cannot study or cast Summoning magic.


Message History

Aim: an orc knight, wielding a +0 glaive and wearing a +0 crystal plate armour (strong, 71% to hit)
The bolt of light hits the orc knight!
The orc knight is heavily wounded.
The bolt of light hits the orc knight but does no damage.
The orc knight is blinded.
The orc knight roars a battlecry!
The orc knight goes into a battle-frenzy!
An orc warrior comes into view. It is wielding a +0 glaive.
The orc knight hits you from afar with a +0 trident!
An orc warrior comes into view. It is wielding a +0 trident.
There is an open gate here.
You see here a +0 trident.
You completely miss the orc knight. You claw the orc knight.
The orc knight is lightly wounded.
The orc knight hits you with a +0 glaive!
The orc knight hits you with a +0 trident!
You scratch the orc knight but do no damage.
The orc knight is lightly wounded.
The orc knight closely misses you.
You scratch the orc knight.
The orc knight is lightly wounded.
The orc warrior hits you from afar with a +0 glaive!!
The orc knight is stunned by your conviction and fails to attack.
You catch the helpless orc knight completely off-guard!
You claw the orc knight!
The orc knight is severely wounded.
The orc knight hits you with a +0 glaive!!
* * * LOW HITPOINT WARNING * * *
The orc warrior hits you from afar with a +0 glaive!!
* * * LOW HITPOINT WARNING * * *
You feel much better. The orc knight closely misses you.
The orc warrior closely misses you.
The orc warrior hits you from afar with a +0 glaive!
* * * LOW HITPOINT WARNING * * *
The orc knight hits you from afar with a +0 trident!!
* * * LOW HITPOINT WARNING * * *
As you read the scroll of teleportation, it crumbles to dust.
You feel strangely unstable.
The orc knight is no longer blind.
The orc knight hits you with a +0 glaive!!
You die...

## ####### ###### .##
##.....#########.....##
..######.......#.....#......('
).#....#..##...'o....'..#....'
..).)..'..8....'@.o..'(....(.'
..#....#..##..o)..o..'..#....'
).######..)..).#.....#.......'
.## ##.....#########.....## ##
####### ######


You could see 2 orc knights and 2 orc warriors.

Vanquished Creatures
  An orc knight (Bailey)
  Jeremiah (D:7)
  A rime drake (D:8)
  2 hornets
  Sigmund (D:2)
  A wraith (D:8)
  3 yaks (D:9)
  A wyvern (D:8)
  A steam dragon (D:7)
  An acid dragon (D:9)
  A water moccasin (D:7)
  8 orc warriors
  5 ice beasts
  3 sky beasts
  A black bear (D:7)
  2 wolves (D:8)
  3 centaurs
  An ogre (D:5)
  A phantom (D:4)
  7 bullfrogs
  A gnoll sergeant (D:7)
  2 scorpions
  10 wights
  2 howler monkeys
  3 bombardier beetles
  2 hounds
  6 orc priests
  A gnoll bouda (D:5)
  2 jellies
  A sleepcap (D:4)
  Natasha (twice) (D:2)
  2 iguanas
  9 orc wizards
  12 gnolls
  5 adders
  A shadow imp (D:4)
  6 ufetubi (D:7)
  2 dart slugs (D:5)
  A ribbon worm (D:3)
  46 orcs
  13 ball pythons
  2 bats
  5 endoplasms
  3 giant cockroaches
  12 goblins
  5 hobgoblins
  5 jackals (D:4)
  8 kobolds
  4 quokkas
  2 frilled lizards
  4 rats
224 creatures vanquished.

Notes
Turn   | Place    | Note
-------+----------+-------------------------------------------
     0 | D:1      | experimilk the Troll Gladiator began the quest for the Orb.
     0 | D:1      | Reached XP level 1. HP: 19/19 MP: 0/0
   112 | D:1      | Reached XP level 2. HP: 27/27 MP: 1/1
   319 | D:1      | Reached skill level 4 in Unarmed Combat
   598 | D:2      | Reached XP level 3. HP: 28/33 MP: 2/2
   660 | D:2      | Noticed Natasha
   677 | D:2      | Killed Natasha
   840 | D:2      | Reached XP level 4. HP: 41/41 MP: 3/3
  1049 | D:2      | Noticed Natasha
  1056 | D:2      | Killed Natasha
  1057 | D:2      | Reached skill level 5 in Unarmed Combat
  1104 | D:2      | Noticed Sigmund
  1111 | D:2      | Killed Sigmund
  1112 | D:2      | Reached skill level 6 in Unarmed Combat
  1112 | D:2      | Reached XP level 5. HP: 48/48 MP: 4/4
  1331 | D:3      | Found an iron altar of Okawaru.
  1353 | D:3      | Reached XP level 6. HP: 40/55 MP: 5/5
  1502 | D:3      | Reached skill level 7 in Unarmed Combat
  1838 | D:3      | Found a stormy altar of Qazlal.
  2188 | D:4      | Identified the +8 quarterstaff of Light {elec, *Slow rPois
                  | rF+++ Str+3}
  2538 | D:4      | Found a hazy altar of Hepliaklqana.
  2732 | D:4      | Reached skill level 8 in Unarmed Combat
  2732 | D:4      | Reached XP level 7. HP: 62/62 MP: 6/6
  2951 | D:5      | Entered Level 5 of the Dungeon
  3145 | D:4      | Reached skill level 9 in Unarmed Combat
  4146 | D:5      | Reached XP level 8. HP: 70/70 MP: 7/7
  4233 | D:5      | Reached skill level 10 in Unarmed Combat
  4494 | D:5      | Found a sacrificial altar of Ru.
  4743 | D:5      | Became a worshipper of Ru the Awakened
  4766 | D:6      | Noticed a hornet
  4768 | D:6      | Paralysed by a hornet for 2 turns
  4771 | D:6      | Killed a hornet
  5120 | D:6      | Found an ornate altar of the Wu Jian Council.
  5135 | D:6      | Reached skill level 5 in Fighting
  5316 | D:6      | Found a shimmering blue altar of Sif Muna.
  5441 | D:6      | Found a radiant altar of Vehumet.
  5444 | D:6      | Found a bloodstained altar of Trog.
  5444 | D:6      | Found a hide-covered altar of Uskayaw.
  5571 | D:7      | Found a staircase to the Ecumenical Temple.
  5623 | D:7      | Noticed Jeremiah
  5654 | D:7      | Reached XP level 9. HP: 89/89 MP: 8/8
  5661 | D:7      | Killed Jeremiah
  6559 | D:8      | Noticed a rime drake
  6568 | D:8      | Killed a rime drake
  6569 | D:8      | Reached XP level 10. HP: 103/107 MP: 9/9
  6801 | D:7      | Gained mutation: You cannot study or cast Ice magic. [Ru
                  | sacrifice]
  6801 | D:7      | Gained mutation: You cannot study or cast Alchemy magic.
                  | [Ru sacrifice]
  6801 | D:7      | Gained mutation: You cannot study or cast Summoning magic.
                  | [Ru sacrifice]
  6801 | D:7      | Reached * piety under Ru
  7272 | D:8      | Reached skill level 10 in Fighting
  7518 | D:8      | Found a glowing golden altar of the Shining One.
  7580 | D:8      | Found a staircase to the Lair.
  7630 | D:8      | Identified the +1 leather armour "Ceasmeq" {rF+ Dex+3}
  7932 | D:9      | Noticed an orange crystal statue
  7936 | D:9      | Noticed a two-headed ogre
  8115 | D:9      | Reached skill level 11 in Unarmed Combat
  8256 | D:9      | Found a flagged portal.
  8269 | Bailey   | Entered a bailey
  8695 | Bailey   | Noticed an orc knight
  8695 | Bailey   | Noticed an orc knight
  8783 | Bailey   | Killed an orc knight
  8784 | Bailey   | Reached skill level 12 in Unarmed Combat
  8922 | Bailey   | Noticed an orc knight
  8940 | Bailey   | Mangled by an orc knight

Illustrated notes

Levels and vault maps discovered:
D:1:      dpeg_arrival_round_b, layout_basic
D:2:      layout_basic, uniq_natasha, uniq_sigmund
D:3:      layout_loops_ring, nicolae_overflow_squiral
D:4:      layout_basic, mainiacjoe_overflow_six_doors_small, serial_glass,
          glass_columns_a, glass_columns_b, kennysheep_generic_room_16
D:5:      layout_cave_pools, nicolae_ru_sacrificial_ziggurat
D:6:      layout_rooms, nicolae_sif_muna_condensation, minitemple,
          chequers_hall_statues_corner_a, minivault_26
D:7:      layout_loops_ring, minmay_temple_entry_statues, minmay_misc_feat_five,
          uniq_jeremiah
D:8:      layout_basic, tso_altar, hellmonk_lair_entry_icy,
          hangedman_glass_teeth
D:9:      layout_basic, lemuel_tele_altar, lightli_bailey_entry_fortress,
          minivault_16
Bailey:   bailey_polearm_5, bailey

Skill      XL: |  1  2  3  4  5  6  7  8  9 10 |
---------------+-------------------------------+-----
Unarmed Combat | 4 6 8 9 10 12 | 12.4
Fighting       | 6 9 10 | 10.0
Throwing       | |  1.7
Dodging        | |  2.4

Action                     |  1- 3 |  4- 6 |  7- 9 | 10-12 || total
---------------------------+-------+-------+-------+-------++-------
  Melee: Unarmed           |    93 |   108 |   213 |   163 ||   577
         Punch             |       |     4 |    14 |    14 ||    32
  Throw: Throwing net      |       |     1 |       |     2 ||     3
         Dart              |       |     4 |    23 |    36 ||    63
         Large rock        |       |       |     8 |     1 ||     9
         Javelin           |       |       |    10 |     9 ||    19
 Invoke: Sacrifice Arcana  |       |       |       |     1 ||     1
  Evoke: Wand              |       |       |     2 |     4 ||     6
    Use: Scroll            |       |     3 |     6 |     3 ||    12
         Potion            |       |       |       |     3 ||     3
   Stab: Sleeping          |       |     1 |       |       ||     1
         Invisible         |       |       |     1 |     1 ||     2
         Held in net/web   |       |       |       |     1 ||     1
 Armour: Robe              |    71 |    52 |   176 |       ||   299
         Steam dragon scal |       |       |    13 |   126 ||   139
  Dodge: Dodged            |    42 |    28 |   138 |    86 ||   294
